 Dungeon Crawl Stone Soup version 0.28-b1-25-g9875b3fc8c (webtiles) character file.

Game seed: 9524202536424068473

1164 Ajdolov the Geomancer (level 8, -3/46 HPs)
             Began as an Octopode Earth Elementalist on Feb 7, 2022.
             Slain by a killer bee (5 damage)
             ... on level 6 of the Dungeon on Feb 8, 2022.
             The game lasted 00:12:42 (6030 turns).

Ajdolov the Geomancer (Octopode Earth Elementalist) Turns: 6030, Time: 00:12:43

Health: -3/46      AC:  1    Str:  7    XL:     8   Next: 40%
Magic:  11/11      EV: 13    Int: 26    God:
Gold:   245        SH:  0    Dex: 12    Spells: 7/11 levels left

rFire   . . .      SeeInvis .   p - +1 dagger (protect)
rCold   . . .      Faith    .   (no shield)
rNeg    . . .      Spirit   .   (helmet restricted)
rPois   .          Reflect  .   o - amulet of magic regeneration
rElec   .          Harm     .   a - +6 ring of intelligence
rCorr   .          Rampage  .   (no ring)
Will    .....                   (no ring)
Stlth   +++.......              (no ring)
HPRegen 0.15/turn               (no ring)
MPRegen 0.52/turn               (no ring)
                                (no ring)
                                (no ring)

@: lethally poisoned (-3 -> -35), about to teleport, hasted, very quick
A: almost no armour, amphibious, 8 rings, camouflage 1, gelatinous body 1,
(nimble swimmer 1), tentacles
a: no special abilities


You were on level 6 of the Dungeon.
You visited 1 branch of the dungeon, and saw 6 of its levels.

You collected 245 gold pieces.

Inventory:

Hand Weapons
 p - a +1 dagger of protection (weapon)
Missiles
 b - 46 stones
 i - 3 throwing nets
Jewellery
 a - a +6 ring of intelligence (left tentacle)
 o - an amulet of magic regeneration (around mantle)
Scrolls
 c - a scroll of enchant weapon {unknown}
 f - 6 scrolls of identify
 g - a scroll of teleportation
 m - a scroll of holy word {unknown}
 n - a scroll of immolation {unknown}
 q - a scroll of vulnerability {unknown}
 r - a scroll of amnesia {unknown}
Potions
 d - a potion of degeneration {unknown}
 e - a potion of flight {unknown}
 h - a potion of heal wounds {unknown}
 j - 2 potions of might {unknown}
 k - a potion of invisibility {unknown}
 l - a potion of curing {unknown}
 s - a potion of mutation {unknown}
 t - a potion of haste


   Skills:
 - Level 2.0 Dodging
 - Level 2.6 Stealth
 - Level 2.0 Spellcasting
 * Level 2.6 Conjurations
 - Level 1.0 Transmutations
 * Level 9.8 Earth Magic


You had 7 spell levels left.
You knew the following spells:

 Your Spells              Type           Power      Damage    Failure   Level
a - Sandblast             Erth           100%       2d20      1%          1
b - Stone Arrow           Conj/Erth      70%        3d11      2%          3

Your spell library contained the following spells:

 Spells                   Type           Power      Damage    Failure   Level
 Passwall                 Tmut/Erth      25%        N/A       1%          2
 Summon Small Mammal      Summ           8%         N/A       11%         1
 Petrify                  Tmut/Erth      30%        N/A       11%         4
 Call Canine Familiar     Summ           2%         N/A       30%         3
 Summon Guardian Golem    Hex/Summ       2%         N/A       30%         3


Dungeon Overview and Level Annotations

Branches:
Dungeon (6/15)
 Temple: D:4-7

Altars:

Shops:
D:1 =

Annotations:
D:4 2 transporters, exclusion: black bear, zkyp's ghost, amateur MiDe


Innate Abilities, Weirdness & Mutations

You cannot wear most types of armour.
You are amphibious.
You can wear up to eight rings at the same time.
Your skin changes colour to match your surroundings (Stealth+).
Your rubbery body absorbs attacks. (AC +1, EV +1)
((You are camouflaged when in or above water. (Stealth+)))
You have tentacles for arms and can constrict up to eight enemies at once.


Message History

A killer bee comes into view.
The killer bee moves out of view.
A killer bee comes into view. 2 killer bees come into view.
The killer bee moves out of view.
The killer bee buzzes angrily.
You hear an angry buzzing noise.
The killer bee buzzes angrily.
The killer bee buzzes angrily.
The killer bee closely misses you. The killer bee stings you.
You are poisoned.
The killer bee poisons you! The killer bee barely misses you.
As you read the scroll labelled KYX AMOXIRUJA, it crumbles to dust.
It is a scroll of identify.
g - 2 scrolls of teleportation You feel very sick.
The killer bee stings you but does no damage.
The killer bee misses you. The killer bee stings you.
You are more poisoned.
The killer bee poisons you! The killer bee closely misses you. x2
The killer bee completely misses you. The killer bee stings you.
You are more poisoned.
The killer bee poisons you!
As you read the scroll of teleportation, it crumbles to dust.
You feel strangely unstable.
You feel extremely sick. The killer bee stings you.
You are more poisoned.
The killer bee poisons you!
The killer bee completely misses you. x2
The killer bee misses you. The killer bee stings you.
You are more poisoned.
The killer bee poisons you! The killer bee barely misses you.
The killer bee stings you. x2
* * * LOW HITPOINT WARNING * * *
It was a potion of haste.
You feel yourself speed up.
* * * LOW HITPOINT WARNING * * *
You feel extremely sick. The killer bee misses you.
The killer bee barely misses you. The killer bee closely misses you.
The killer bee barely misses you. The killer bee stings you.
You die...

....... #.# # ####...
#.# #### #.# ######.##
##.......#####
#..:.........#
#..###...###.# .....#
.. ##..y....#########
.....#
...##...y@...........#
..#...
........yy(..#######.#
.....########...###.#
#.#
.................##.#
#.#
#....######........#
#.#
##.#...........######
#.# .......####....#
#.# ##..#........#.#
#.# #...#...##...#+##
#.#


You could see 4 killer bees.

Vanquished Creatures
  A necrophage (D:5)
  3 ogres (D:5)
  A kobold brigand (D:5)
  A phantom (D:5)
  A scorpion (D:5)
  A water moccasin zombie (D:5)
  2 killer bees (D:5)
  A jelly (D:4)
  2 orc priests
  A hound (D:5)
  A centaur skeleton (D:5)
  An orc wizard (D:4)
  An iguana (D:4)
  A scorpion zombie (D:5)
  A killer bee zombie (D:6)
  2 hound skeletons (D:4)
  3 gnolls (D:4)
  7 adders
  2 adder skeletons
  2 worms
  4 dart slugs
  20 orcs
  7 ball pythons
  4 endoplasms
  A giant cockroach (D:1)
  8 goblins
  6 hobgoblins
  11 kobolds
  5 quokkas
  7 bats
  5 frilled lizards
  8 rats
121 creatures vanquished.

Vanquished Creatures (others)
  9 plants (D:5)
9 creatures vanquished.

Grand Total: 130 creatures vanquished

Notes
Turn   | Place    | Note
-------+----------+-------------------------------------------
     0 | D:1      | Ajdolov the Octopode Earth Elementalist began the quest for
                  | the Orb.
     0 | D:1      | Reached XP level 1. HP: 11/11 MP: 3/3
   185 | D:1      | Reached XP level 2. HP: 17/17 MP: 5/5
   242 | D:1      | Found a faded altar of an unknown god.
   763 | D:1      | Reached skill level 4 in Earth Magic
   847 | D:1      | Reached XP level 3. HP: 21/21 MP: 6/6
   851 | D:1      | Found Ongoes's Jewellery Emporium.
  1701 | D:2      | Learned a level 3 spell: Stone Arrow
  1930 | D:2      | Reached XP level 4. HP: 27/27 MP: 2/7
  2339 | D:3      | Reached skill level 5 in Earth Magic
  2879 | D:4      | Reached XP level 5. HP: 31/31 MP: 6/8
  3087 | D:4      | Noticed a black bear
  3130 | D:4      | Reached skill level 1 in Conjurations
  3130 | D:4      | Reached skill level 6 in Earth Magic
  3340 | D:4      | Reached XP level 6. HP: 36/36 MP: 6/9
  3406 | D:4      | Found a transporter.
  3408 | D:4      | Noticed zkyp's ghost (amateur MiDe)
  3906 | D:4      | Reached skill level 7 in Earth Magic
  3935 | D:4      | Found a transporter.
  4019 | D:4      | Identified the +0 cloak of Pragmatism {rN+ Regen+ rCorr}
  4275 | D:5      | Entered Level 5 of the Dungeon
  4375 | D:5      | Reached XP level 7. HP: 41/41 MP: 8/10
  4418 | D:5      | Reached skill level 8 in Earth Magic
  4948 | D:5      | Reached XP level 8. HP: 46/46 MP: 9/11
  5048 | D:5      | Reached skill level 9 in Earth Magic
  5612 | D:5      | HP: 2/46 [poisoned by a killer bee]
  6030 | D:6      | HP: 2/46 [poisoned by a killer bee]
  6030 | D:6      | Slain by a killer bee

Illustrated notes

Levels and vault maps discovered:
D:1:      ncdulo_smallfort, layout_loops_ring, serial_shops, shop,
          basic_ecumenical_altar
D:2:      layout_basic, kennysheep_donut, minivault_19
D:3:      layout_rooms
D:4:      layout_gridville, gammafunk_ghost_mausoleum
D:5:      layout_loops_corners, lexackson_kobold_supper
D:6:      layout_loops_corners, minmay_misc_feat_more_columns,
          chequers_serial_rivers_large_a, uniq_maggie

Skill      XL: |  1  2  3  4  5  6  7  8 |
---------------+-------------------------+-----
Earth Magic    | 4 5 6 7 8 9 |  9.8
Conjurations   | 1 2 |  2.6
Dodging        | |  2.0
Stealth        | |  2.6
Spellcasting   | |  2.0
Transmutations | |  1.0

Action                   |  1- 3 |  4- 6 |  7- 9 || total
-------------------------+-------+-------+-------++-------
Melee: Dagger            |    21 |    17 |    48 ||    86
       Constrict         |     6 |     3 |    10 ||    19
       Unarmed           |     2 |       |       ||     2
       Tentacles         |     3 |     4 |    14 ||    21
       Punch             |       |       |     3 ||     3
 Cast: Sandblast         |    30 |    64 |    20 ||   114
       Stone Arrow       |       |       |     9 ||     9
  Use: Scroll            |       |       |     2 ||     2
       Potion            |       |       |     1 ||     1
 Stab: Sleeping          |     9 |     1 |     3 ||    13
       Distracted        |       |       |     1 ||     1
Armor: Skin              |     3 |     5 |    12 ||    20
Dodge: Dodged            |    14 |    28 |    40 ||    82
